 Dungeon Crawl Stone Soup version 0.23-a0-295-g2e428d4 (webtiles) character file.

232 mhoghedin the Sneak (level 6, -5/38 HPs)
             Began as a Kobold Assassin on Oct 4, 2018.
             Slain by an iguana (13 damage)
             ... on level 4 of the Dungeon.
             The game lasted 00:06:54 (4858 turns).

mhoghedin the Sneak (Kobold Assassin)               Turns: 4858, Time: 00:06:55

Health: -5/38      AC:  2    Str:  9    XL:     6   Next: 25%
Magic:  6/6        EV: 13    Int: 12    God:
Gold:   200        SH:  0    Dex: 16    Spells: 5/5 levels left

rFire    . . .     SeeInvis .   a - +3 dagger
rCold    . . .     Gourm    .   (shield restricted)
rNeg     . . .     Faith    .   j - +0 leather armour
rPois    .         Spirit   .   (no helmet)
rElec    .         Reflect  .   k - scarf {repulsion}
rCorr    .         Harm     .   u - +0 pair of gloves
MR       .....     Rnd*Rage +   (no boots)
Stlth    ++........             (no amulet)
HPRegen  0.12/turn              m - ring of attention (curse)
MPRegen  0.10/turn              (no ring)

@: repel missiles
A: small, berserk 1, carnivore, deformed body, weak 1, wild magic 1
a: no special abilities


You were on level 4 of the Dungeon.
You were full.

You visited 1 branch of the dungeon, and saw 4 of its levels.
You also visited: Sewer.

You collected 200 gold pieces.

Inventory:

Hand Weapons
 a - a +3 dagger (weapon)
 b - a +0 blowgun
Missiles
 e - 20 poisoned needles
 f - 2 curare-tipped needles
 s - 4 needles of confusion
Armour
 d - a +1 cloak
 j - a +0 leather armour (worn)
   (You found it on level 1 of the Dungeon)
 k - a scarf of repulsion (worn)
   (You found it on level 1 of the Dungeon)
 u - a +0 pair of gloves (worn)
   (You found it in a sewer)
Jewellery
 c - a cursed -2 ring of evasion {unknown}
   (You took it off a hobgoblin on level 3 of the Dungeon)
 m - a cursed ring of attention (left hand)
   (You found it on level 1 of the Dungeon)
Wands
 w - a wand of polymorph (14)
   (You found it on level 3 of the Dungeon)
 x - a wand of iceblast (9)
   (You found it on level 3 of the Dungeon)
Scrolls
 h - 3 scrolls of teleportation
 o - 2 scrolls of blinking {!r}
 p - a scroll of fog
 y - a scroll of identify {unknown}
Potions
 i - 2 potions of heal wounds {unknown}
 l - a potion of ambrosia {unknown}
 n - 2 potions of curing {unknown}
 q - a potion of invisibility {unknown}
 r - 4 potions of flight
 t - 2 potions of brilliance
 v - 2 potions of degeneration {unknown}
 z - a potion of haste {unknown}
Comestibles
 g - 3 rations


   Skills:
 + Level 4.1 Fighting
 + Level 5.0 Short Blades
 + Level 2.5 Throwing
 - Level 1.2 Dodging
 + Level 7.0 Stealth


You had 5 spell levels left.
You didn't know any spells.
Your spell library was empty.

Dungeon Overview and Level Annotations

Branches:
Dungeon (4/15)
 Temple: D:4-7

Altars:
Fedhas
Hepliaklqana
Kikubaaqudgha
Sif Muna
Yredelemnul
The Shining One

Annotations:
D:4 2 transporters


Innate Abilities, Weirdness & Mutations

You are small and have problems with some larger weapons.
You are carnivorous and can eat meat at any time.
You tend to lose your temper in combat.
Armour fits poorly on your strangely shaped body.
You are weak. (Str -2)
Your spells are a little harder to cast, but a little more powerful.


Message History

Health restored: 38; MP restored: 6 A dart slug comes into view.
A dart slug is nearby!
The dart slug launches a dart at you.
The slug dart is repelled.
You hit the dart slug. You hit the dart slug but do no damage.
The dart slug launches a dart at you. The slug dart misses you.
You hit the dart slug. You hit the dart slug.
The dart slug launches a dart at you.
The slug dart is repelled.
You hit the dart slug. The dart slug bites you.
A dart slug is nearby!
You take 3 damage, and have 35/38 hp.
You hit the dart slug.
You kill the dart slug!
No target in view!
You see here a dart slug corpse.
You enter a teleport trap!
The teleport trap disappears.
Your surroundings suddenly seem different.
Health restored: 38
z - a dark potion
y - a scroll labeled REGENU PUANGOHY You open the door.
There is an open door here.
r - 4 potions of flight (gained 1)
Found a stone staircase leading down.
Found a basalt altar of Yredelemnul.
You open the door.
The wyvern hisses angrily.
Found a glowing golden altar of the Shining One.
There is an open door here.
Found a deep blue altar of Sif Muna.
You open the door.
There is an open door here.
Found an escape hatch in the ceiling.
There is an escape hatch in the ceiling here.
The wyvern hisses angrily.
The bullfrog gives a loud, deep croak!
The wyvern hisses menacingly.
You now have 173 gold pieces (gained 4).
You now have 185 gold pieces (gained 12).
An iguana comes into view.
An iguana is nearby!
The helpless iguana fails to defend itself.
You perforate the iguana like a sieve!!!
You kill the iguana!
Your Short Blades skill increases to level 5!
Your Stealth skill increases to level 7!
An adder comes into view.
Found a blossoming altar of Fedhas.
The helpless adder fails to defend itself.
You spit the adder like a pig!!!
You kill the adder!
No target in view!
You now have 200 gold pieces (gained 15).
There is a blossoming altar of Fedhas here.
Found a stone staircase leading down.
You open the door.
Found a glowing glaive.
An iguana comes into view.
There is an open door here.
The iguana hisses angrily.
The iguana barely misses you.
You hit the iguana. The iguana bites you.
You take 6 damage, and have 32/38 hp.
You hit the iguana. The iguana closely misses you.
You hit the iguana but do no damage. The iguana closely misses you.
You barely miss the iguana. The iguana bites you!
You take 9 damage, and have 23/38 hp.
MASSIVE DAMAGE!!
You closely miss the iguana. You hit the iguana. The iguana bites you!
* * * LOW HITPOINT WARNING * * *
You take 13 damage, and have 10/38 hp.
MASSIVE DAMAGE!!
b - a +0 blowgun (weapon)
The iguana bites you.
* * * LOW HITPOINT WARNING * * *
You take 3 damage, and have 7/38 hp.
You are too injured to fight recklessly!
Firing (i - inventory. (/) - cycle)
s - 6 needles of confusion (quivered)
Aim: an iguana (heavily wounded)
You shoot a needle of confusion.
The needle of confusion closely misses the iguana.
Firing (i - inventory. (/) - cycle)
s - 5 needles of confusion (quivered)
Aim: an iguana (heavily wounded)
You shoot a needle of confusion.
The needle of confusion hits the iguana.
The iguana appears confused.
a - a +3 dagger (weapon)
You are too injured to fight recklessly!
The iguana misses you.
You hit the iguana but do no damage. You hit the iguana but do no damage.
The iguana seems less confused.
The iguana bites you!
You die...

.##'###...#.....##### ....#.
.#........+....... #+# #.
.#.......##......# #.####.
..............##.# #.#......
#........#.)..##.########........
#........#......(.....(...#.###.#
#........##'#.##.######## ##.#
#........##.#.#..l...... #..#
#.......##.#.#.@######. #.## .[
#...##.#.#..# #. #.#
##.##...##.#.#!.# ..###+##.##
...........#.#... ..........
####.##..####.#... ..........
............#.####. ###.......
.!.............# . +.......
#####...>##.#### <# #......#
#.#### .# #......#


You could see an iguana.

Vanquished Creatures
  Terence (D:2)
  An iguana (D:4)
  A worker ant zombie (D:3)
  3 adders
  5 oozes
  7 worms
  3 dart slugs
  A leopard gecko (D:2)
  3 orcs (D:3)
  3 ball pythons
  19 bats
  5 giant cockroaches
  9 goblins
  7 hobgoblins
  4 jackals (Sewer)
  10 kobolds
  A quokka (D:2)
  5 frilled lizards
  3 rats
91 creatures vanquished.

Vanquished Creatures (others)
  A human (D:2)
1 creature vanquished.

Grand Total: 92 creatures vanquished

Notes
Turn   | Place    | Note
-------+----------+-------------------------------------------
     0 | D:1      | mhoghedin the Kobold Assassin began the quest for the Orb.
     0 | D:1      | Reached XP level 1. HP: 12/12 MP: 1/1
    29 | D:1      | Reached skill level 3 in Short Blades
    78 | D:1      | Reached XP level 2. HP: 12/18 MP: 2/2
   335 | D:1      | Gained mutation: You are weak. (Str -2) [potion of
                  | mutation]
   335 | D:1      | Gained mutation: Armour fits poorly on your strangely
                  | shaped body. [potion of mutation]
   335 | D:1      | Gained mutation: You tend to lose your temper in combat.
                  | [potion of mutation]
   335 | D:1      | Gained mutation: Your spells are a little harder to cast,
                  | but a little more powerful. [potion of mutation]
   343 | D:1      | Reached XP level 3. HP: 16/22 MP: 3/3
   821 | D:1      | Reached skill level 3 in Fighting
  1026 | D:2      | Reached skill level 6 in Stealth
  1149 | D:2      | Reached XP level 4. HP: 25/28 MP: 4/4
  1260 | D:2      | Noticed Terence
  1300 | D:2      | HP: 6/28 [Terence/flail (3)]
  1308 | D:2      | Killed Terence
  1308 | D:2      | Reached skill level 4 in Short Blades
  1309 | D:2      | HP: 6/42 [goblin/club (4)]
  1577 | D:2      | Found an ancient bone altar of Kikubaaqudgha.
  1579 | D:2      | Noticed a human
  1581 | D:2      | Killed a human
  2352 | D:3      | Found a glowing drain.
  2388 | D:3      | Reached XP level 5. HP: 23/32 MP: 5/5
  2406 | Sewer    | Entered a sewer
  4197 | D:3      | Found a hazy altar of Hepliaklqana.
  4371 | D:3      | Reached skill level 4 in Fighting
  4523 | D:4      | Reached XP level 6. HP: 38/38 MP: 6/6
  4642 | D:4      | Found a basalt altar of Yredelemnul.
  4643 | D:4      | Found a transporter.
  4643 | D:4      | Noticed a wyvern
  4644 | D:4      | Found a glowing golden altar of the Shining One.
  4644 | D:4      | Found a transporter.
  4645 | D:4      | Found a deep blue altar of Sif Muna.
  4788 | D:4      | Reached skill level 5 in Short Blades
  4788 | D:4      | Reached skill level 7 in Stealth
  4797 | D:4      | Found a blossoming altar of Fedhas.
  4848 | D:4      | HP: 7/38 [iguana (3)]
  4858 | D:4      | Slain by an iguana

Vault maps used:
D:1:      giann_bridges, minmay_tromino_v7
D:2:      st_stairs_7, tgw_kikubaaqudgha, uniq_terence
D:3:      nicolae_overflow_hidden_temple, cheibrodos_sewer_entry_bend,
          kennysheep_generic_room_16
D:4:      marbit_many_paths, gammafunk_temple_overflow_arena,
          minmay_temple_entry_nine_rooms, first_ration, serial_bayou_ford_a
Sewer:    sewer_fruit_machine

Skill      XL: |  1  2  3  4  5  6 |
---------------+-------------------+-----
Short Blades   | 3 4 5 |  5.0
Fighting       | 3 4 |  4.1
Stealth        | 6 7 |  7.0
Throwing       | |  2.5
Dodging        | |  1.2

Action                   |  1- 3 |  4- 6 || total
-------------------------+-------+-------++-------
Melee: Dagger            |    97 |   216 ||   313
 Fire: Blowgun           |       |    31 ||    31
  Use: Potion            |     1 |     5 ||     6
       Scroll            |     2 |     6 ||     8
 Stab: Sleeping          |     6 |    15 ||    21
  Eat: Chunk             |     9 |     8 ||    17
Armor: Robe              |     1 |       ||     1
       Leather armour    |    15 |    29 ||    44
Dodge: Dodged            |    59 |   155 ||   214
       Deflected         |       |     4 ||     4

Table legend:
 A = Non-vault XP
 B = Vault XP
 C = Vault XP percentage of total XP
 D = Non-vault monster count
 E = Vault monster count
 F = Vault count percentage of total count
                 A         B        C        D         E       F
            +---------+---------+-------+---------+---------+-------
      Total |     160 |     172 |  51.8 |      54 |      37 |  40.7
            +---------+---------+-------+---------+---------+-------
        D:1 |      42 |      10 |  19.2 |      23 |       4 |  14.8
        D:2 |      34 |      40 |  54.1 |      16 |       2 |  11.1
        D:3 |      52 |      16 |  23.5 |      12 |       5 |  29.4
        D:4 |      32 |      35 |  52.2 |       3 |       1 |  25.0
      Sewer |       0 |      71 | 100.0 |       0 |      25 | 100.0
            +---------+---------+-------+---------+---------+-------

Vault maps used:
D:1:      giann_bridges, minmay_tromino_v7
D:2:      st_stairs_7, tgw_kikubaaqudgha, uniq_terence
D:3:      nicolae_overflow_hidden_temple, cheibrodos_sewer_entry_bend,
          kennysheep_generic_room_16
D:4:      marbit_many_paths, gammafunk_temple_overflow_arena,
          minmay_temple_entry_nine_rooms, first_ration, serial_bayou_ford_a
Sewer:    sewer_fruit_machine

Table legend:
 A = Turns spent in this place as a percentage of turns spent in the entire game.
 B = Non-inter-level travel turns spent in this place as a percentage of non-inter-level travel turns spent in the entire game.
 C = Inter-level travel turns spent in this place as a percentage of turns spent in this place.
 D = Turns resting spent in this place as a percentage of non-inter-level travel turns spent in this place.
 E = Turns spent auto-exploring this place as a percentage of non-inter-level travel turns spent in this place.
 F = Non-inter-level travel turns spent in this place divided by the number of levels of this place that you've seen.
                   A       B       C       D       E      F
               +-------+-------+-------+-------+-------+----------------------
         Total | 100.0 | 100.0 |   1.6 |  26.7 |  51.4 | 956.0
       Dungeon |  76.8 |  76.4 |   2.1 |  22.1 |  60.3 | 913.2
         Sewer |  23.2 |  23.6 |   0.0 |  41.3 |  22.4 | 1127.0
               +-------+-------+-------+-------+-------+----------------------

Table legend:
 A = Kills in this place as a percentage of kills in entire the game.
 B = Kills by you in this place as a percentage of kills by you in the entire game.
 C = Kills by friends in this place as a percentage of kills by friends in the entire game.
 D = Other kills in this place as a percentage of other kills in the entire game.
 E = Experience gained in this place as a percentage of experience gained in the entire game.
 F = Experience gained in this place divided by the number of levels of this place that you have seen.
                   A       B       C       D       E      F
               +-------+-------+-------+-------+-------+----------------------
         Total | 100.0 | 100.0 |   N/A |   N/A | 100.0 |  66.4
       Dungeon |  72.5 |  72.5 |   N/A |   N/A |  78.6 |  65.2
         Sewer |  27.5 |  27.5 |   N/A |   N/A |  21.4 |  71.0
               +-------+-------+-------+-------+-------+----------------------
